 Dungeon Crawl Stone Soup version 0.28.0-53-g5a82cb258f (webtiles) character file.

Game seed: 1746385472183265719

92912 MiltankisOP the Severer (level 16, -1/143 HPs)
             Began as a Hill Orc Fighter on July 10, 2022.
             Was a Priest of Beogh.
             Slain by an alligator (6 damage)
             ... led by an alligator
             ... on level 1 of the Swamp.
             The game lasted 01:06:05 (22704 turns).

MiltankisOP the Severer (Hill Orc Fighter)         Turns: 22704, Time: 01:06:06

Health: -1/143     AC: 21    Str: 32    XL:     16   Next: 7%
Magic:  36/36      EV: 12    Int:  8    God:    Beogh [***...]
Gold:   2169       SH: 12    Dex: 15    Spells: 15/15 levels left

rFire   + . .      SeeInvis +   t - +2 war axe (venom)
rCold   + . .      Faith    .   O - +0 kite shield
rNeg    . . .      Spirit   .   A - +1 plate armour "Ewiythog" {Str+7}
rPois   +          Reflect  .   a - +2 helmet {SInv}
rElec   .          Harm     .   l - scarf {rC+ rF+}
rCorr   .          Rampage  .   (no gloves)
Will    ++...                   (no boots)
Stlth   ..........              f - amulet of regeneration
HPRegen 1.13/turn               o - ring of poison resistance
MPRegen 0.25/turn               p - ring "Ciel" {Will+ MP+9 Dex+3}

@: mighty, studying Armour, very slow
A: no striking features
a: Renounce Religion, Smiting


You were on level 1 of the Swamp.
You worshipped Beogh.
Beogh was most pleased with you.
You visited 4 branches of the dungeon, and saw 24 of its levels.

You collected 2295 gold pieces.
You spent 126 gold pieces at shops.

Inventory:

Hand Weapons
 t - a +2 war axe of venom (weapon)
 B - a +6 triple sword of pain
 P - the +6 falchion of the Destroying Spider {vamp, Contam rPois rC+ Dex+4}
   (You found it on level 4 of the Lair of Beasts)

   It occasionally heals its wielder for a portion of the damage dealt when it
   wounds a living foe.
   Dex:       It affects your dexterity (+4).
   rC:        It protects you from cold.
   rPois:     It protects you from poison.
   Contam:    It causes magical contamination when unequipped.
 W - a +2 scimitar of flaming
Missiles
 y - 3 throwing nets (quivered)
Armour
 a - a +2 helmet of see invisible (worn)
 e - a +1 hat
 l - a scarf of resistance (worn)
 A - the +1 plate armour "Ewiythog" (worn) {Str+7}
   (You found it on level 7 of the Dungeon)

   Str:       It affects your strength (+7).
 O - a +0 kite shield (worn)
Jewellery
 f - an amulet of regeneration (around neck)
 o - a ring of poison resistance (left hand)
 p - the ring "Ciel" (right hand) {Will+ MP+9 Dex+3}
   (You found it on level 4 of the Dungeon)

   [ring of magical power]

   Dex:       It affects your dexterity (+3).
   MP:        It affects your magic capacity (+9).
   Will:      It increases your willpower.
Wands
 c - a wand of digging (12)
 n - a wand of acid (16)
 D - a wand of flame (30)
 F - a wand of charming (3)
 Q - a wand of iceblast (6)
 S - a wand of mindburst (6)
Scrolls
 b - a scroll of enchant armour
 g - 2 scrolls of fear
 k - 2 scrolls of vulnerability
 m - 2 scrolls of blinking
 q - 2 scrolls of noise
 s - 3 scrolls of enchant weapon
 u - 6 scrolls of magic mapping
 x - a scroll of holy word {unknown}
 C - 3 scrolls of silence
 E - a scroll of torment
 G - 9 scrolls of teleportation
 J - a scroll of brand weapon
 L - 7 scrolls of fog
 N - a scroll of amnesia
 T - 11 scrolls of identify
Potions
 d - a potion of might
 h - 5 potions of heal wounds
 i - 2 potions of attraction
 j - 11 potions of curing
 r - 2 potions of brilliance
 v - 3 potions of degeneration
 w - a potion of invisibility
 z - a potion of haste
 M - 4 potions of mutation
 R - a potion of ambrosia
 Y - a potion of flight {unknown}


   Skills:
 + Level 13.0 Fighting
 - Level 16.0 Axes
 * Level 12.7 Throwing
 - Level 14.5 Armour
 - Level 10.0 Dodging
 - Level 11.2 Shields
 + Level 15.0 Invocations


You had 15 spell levels left.
You didn't know any spells.
Your spell library contained the following spells:

 Spells                   Type           Power      Damage    Failure   Level
 Magic Dart               Conj           0%         1d3       99%         1
 Ensorcelled Hibernation  Hex/Ice        0%         N/A       100%        2
 Passwall                 Tmut/Erth      0%         N/A       100%        2
 Searing Ray              Conj           0%         2d4       100%        2
 Static Discharge         Conj/Air       0%         N/A       100%        2
 Spider Form              Tmut/Pois      0%         N/A       100%        3
 Swiftness                Air            0%         N/A       100%        3
 Tukima's Dance           Hex            0%         N/A       100%        3
 Anguish                  Hex/Necr       0%         N/A       100%        4
 Fulminant Prism          Conj/Hex       0%         3d6       100%        4
 Passage of Golubria      Tloc           0%         N/A       100%        4
 Lightning Bolt           Conj/Air       0%         1d11      100%        5
 Yara's Violent Unravell  Hex/Tmut       0%         3d3       100%        5
 Dispersal                Tloc           0%         N/A       100%        6
 Disjunction              Tloc           0%         N/A       100%        8
 Maxwell's Capacitive Co  Air            0%         ∞         100%        8


Dungeon Overview and Level Annotations

Branches:
Dungeon (15/15) Temple (0/1) D:5 Lair (6/6) D:8 Swamp (1/4) Lair:4 Spider (0/4) Lair:3 Slime (0/5) Lair:6 Orc (2/2) D:12 Elf (0/3) Orc:2 Vaults (0/5) D:13 D:14 Depths (0/4) D:15

Altars:
Elyvilon
Sif Muna
Zin
The Shining One
Beogh

Shops:
D:7 [   D:9 [   D:12 *   Orc:1 (   Orc:2 (?[!!

Portals:
Trove: D:15 (give 6 scrolls of blinking)

Annotations:
D:14 2 runed translucent doors


Message History

The alligator bites your orc knight but does no damage.
The alligator tail-slaps your orc knight!
The alligator bites you!
The alligator tail-slaps you but does no damage.
Okay, then.
You feel very mighty all of a sudden. The alligator bites you!
The alligator tail-slaps you but does no damage.
The alligator barely misses you. You block the alligator's attack.
Your orc knight hits the alligator with a +0 dagger.
The alligator bites your orc knight!
The alligator closely misses your orc knight.
The alligator bites you! The alligator closely misses you.
You block the alligator's attack.
The alligator tail-slaps you but does no damage.
Your unstable footing causes you to fumble your attack.
The alligator barely misses you.
The alligator tail-slaps you but does no damage.
Your orc knight barely misses the alligator.
The alligator barely misses your orc knight.
The alligator closely misses your orc knight.
You block the alligator's attack.
The alligator tail-slaps you but does no damage.
You block the alligator's attack. The alligator misses you.
Your unstable footing causes you to fumble your attack.
The alligator closely misses you. You block the alligator's attack.
The alligator bites your orc knight!
Your orc knight dies!
You hear a splash. x2
The alligator bites you. The alligator tail-slaps you. The alligator bites you!
* * * LOW HITPOINT WARNING * * *
You block the alligator's attack.
Your unstable footing causes you to fumble your attack.
The alligator misses you. The alligator tail-slaps you!
* * * LOW HITPOINT WARNING * * *
The alligator bites you!!
* * * LOW HITPOINT WARNING * * *
The alligator tail-slaps you but does no damage.
The alligator misses you. The alligator tail-slaps you.
You die...

≈.≈≈.≈≈≈≈§
≈.≈≈≈≈≈≈≈≈
♣.≈§≈≈≈≈≈≈
♣.≈≈≈§≈≈≈≈
♣....≈≈≈≈≈
♣..♣.≈≈≈≈≈
♣♣♣♣♣♣.<..≈≈≈≈§
.≈...≈.≈≈...?≈≈
.^≈≈..t@.≈.≈♣..
.≈≈≈≈.ttt.§♣♣
.≈≈≈≈.....♣♣
≈≈≈≈≈≈≈...♣
≈≈≈≈≈≈≈≈.≈.
≈≈≈≈≈≈≈≈!...
≈≈≈≈§≈.....≈≈
≈≈≈......≈..≈≈


You could see 4 alligators.

Vanquished Creatures
  Rupert (D:14)
  Frances (D:13)
  A very ugly thing (D:14)
  A stone giant (D:15)
  Nessos (D:14)
  Snorg (D:13)
  A fire dragon (Lair:6)
  Harold (D:7)
  9 hydras
  Fannar (Lair:3)
  A vault guard (D:15)
  7 centaur warriors
  3 boulder beetles
  A death knight (D:14)
  A two-headed ogre (D:9)
  A catoblepas (Lair:4)
  An ogre mage (D:13)
  An alligator (Lair:4)
  A death yak (Lair:5)
  The ghost of Yzxosaecus the Covert, a journeyman SpAK of Lugonu (D:13)
  2 tengu warriors
  Urug (D:14)
  A fire crab (Lair:6)
  5 skeletal warriors
  A wizard (D:9)
  A harpy (shapeshifter) (D:14)
  2 deep elf pyromancers (D:15)
  3 manticores
  4 orc sorcerers (Orc:2)
  4 cyclopes
  3 ugly things
  4 torpor snails
  4 black mambas
  3 centaur zombies
  7 cane toads
  An elephant (Lair:4)
  2 molten gargoyles (Lair:6)
  11 komodo dragons
  7 kobold demonologists
  An efreet (D:13)
  4 rime drakes
  2 trolls (D:14)
  4 polar bears
  Prince Ribbit (Lair:3)
  3 slime creatures (D:14)
  2 hornets
  7 blink frogs
  A dream sheep (Lair:4)
  A centaur simulacrum (D:14)
  3 wraiths (Lair:6)
  2 culicivoras (Lair:3)
  2 vampires
  51 yaks
  6 wyverns
  A shadow (D:9)
  Grum (D:8)
  9 humans (D:14)
  A hog (shapeshifter) (D:14)
  5 basilisks
  2 vampire mosquitoes (Lair:4)
  2 acid dragons
  2 hell hounds (Lair:6)
  11 water moccasins
  5 orc warriors
  A sky beast (D:7)
  2 ice beasts
  7 ogres
  3 necrophages
  15 wolves
  14 centaurs
  A phantom (D:7)
  An elf zombie (D:8)
  6 kobold brigands
  5 gnoll sergeants
  12 bullfrogs
  5 scorpions
  A water moccasin zombie (D:4)
  3 elf skeletons (D:8)
  6 killer bees (D:7)
  2 water moccasin skeletons
  3 wights (D:7)
  3 vampire bats (D:14)
  A lava snake (Lair:6)
  12 jellies
  An orc priest (D:9)
  3 centaur skeletons
  2 iguanas
  12 orc wizards
  10 hell rats
  A hound zombie (D:5)
  A hound skeleton (D:4)
  2 howler monkey zombies
  16 gnolls
  A howler monkey skeleton (D:4)
  9 adders
  A shadow imp (D:6)
  2 white imps
  An adder zombie (D:4)
  2 worms (D:4)
  2 dart slugs (D:3)
  27 orcs
  6 endoplasms
  4 giant cockroaches
  4 goblins
  3 hobgoblins
  8 kobolds
  2 quokkas
  7 ball pythons
  9 bats
  2 frilled lizards
  A jackal skeleton (D:4)
  An orc skeleton (D:8)
  An orc zombie (D:8)
  5 rats
480 creatures vanquished.

Vanquished Creatures (collateral kills)
  Josephine (Lair:6)
  A fire dragon (D:14)
  4 hydras
  A catoblepas (D:13)
  3 centaur warriors
  2 two-headed ogres
  2 tengu warriors
  A death yak (Lair:5)
  8 skeletal warriors
  2 orc knights
  3 deep elf pyromancers
  4 orc sorcerers (Orc:2)
  3 black mambas (Lair:6)
  A guardian serpent (shapeshifter) (D:13)
  A gargoyle (D:14)
  3 cane toads
  11 komodo dragons
  A tengu conjurer (D:13)
  5 trolls
  A hornet (D:14)
  A polar bear (Lair:5)
  A slime creature (D:14)
  8 blink frogs
  A centaur simulacrum (D:15)
  3 wraiths
  18 yaks
  A vampire (D:13)
  6 basilisks
  7 humans (D:14)
  A steam dragon (Lair:6)
  6 wargs (Orc:2)
  5 water moccasins
  3 hell hounds (Lair:6)
  5 ogres
  2 wolves
  2 centaurs (D:14)
  A bullfrog (Lair:3)
  4 kobold brigands
  A gnoll sergeant (D:12)
  3 lava snakes (Lair:6)
  3 jellies (Lair:6)
  5 orc wizards
  2 hell rats
  6 gnolls
  6 orcs
  An endoplasm (Lair:6)
  A bush (D:15)
161 creatures vanquished.

Vanquished Creatures (others)
  4 orc knights
  4 orc sorcerers
  A fire bat (Orc:2)
  6 orc warriors
  15 orc wizards
  A wolf (Lair:6)
  3 orc priests
  26 orcs
  A bush (Lair:6)
  51 fungi
  51 plants
163 creatures vanquished.

Grand Total: 804 creatures vanquished

Notes
Turn   | Place    | Note
-------+----------+-------------------------------------------
     0 | D:1      | MiltankisOP the Hill Orc Fighter began the quest for the
                  | Orb.
     0 | D:1      | Reached XP level 1. HP: 19/19 MP: 1/1
   273 | D:1      | Found a faded altar of an unknown god.
   283 | D:1      | Reached XP level 2. HP: 27/27 MP: 2/2
   285 | D:1      | Reached skill level 3 in Axes
  1071 | D:2      | Reached XP level 3. HP: 33/33 MP: 3/3
  1107 | D:2      | Reached skill level 4 in Axes
  1691 | D:3      | Became a worshipper of Beogh the Brigand
  1758 | D:3      | Reached XP level 4. HP: 39/40 MP: 4/4
  1872 | D:3      | Found a glowing golden altar of the Shining One.
  1879 | D:3      | Reached skill level 5 in Axes
  2341 | D:4      | Reached skill level 6 in Axes
  2341 | D:4      | Reached XP level 5. HP: 42/46 MP: 5/5
  2420 | D:4      | Noticed a necrophage
  2428 | D:4      | Killed a necrophage
  2429 | D:4      | Reached skill level 7 in Axes
  2429 | D:4      | Reached XP level 6. HP: 51/52 MP: 6/6
  2469 | D:4      | Reached skill level 8 in Axes
  2498 | D:4      | Reached * piety under Beogh
  2515 | D:4      | Identified the ring "Ciel" {Will+ MP+9 Dex+3}
  2667 | D:4      | Reached skill level 9 in Axes
  2823 | D:5      | Entered Level 5 of the Dungeon
  2827 | D:5      | Noticed an ice beast
  2833 | D:5      | Killed an ice beast
  2834 | D:5      | Reached XP level 7. HP: 44/58 MP: 7/7
  3017 | D:5      | Reached skill level 10 in Axes
  3132 | D:5      | Reached skill level 11 in Axes
  3313 | D:5      | Found a staircase to the Ecumenical Temple.
  3443 | D:5      | Reached XP level 8. HP: 66/66 MP: 8/8
  3758 | D:6      | Reached skill level 12 in Axes
  3937 | D:6      | Reached ** piety under Beogh
  3938 | D:6      | Reached skill level 13 in Axes
  4201 | D:6      | Reached skill level 14 in Axes
  4314 | D:7      | Reached XP level 9. HP: 51/71 MP: 9/9
  4396 | D:7      | Reached skill level 15 in Axes
  4492 | D:7      | Found Wokhuria's Armour Emporium.
  4650 | D:7      | Noticed Harold
  4663 | D:7      | Killed Harold
  4664 | D:7      | Reached skill level 16 in Axes
  4664 | D:7      | Reached skill level 5 in Invocations
  4884 | D:7      | Identified the +1 plate armour "Ewiythog" {Str+7}
  5325 | D:8      | Reached XP level 10. HP: 65/78 MP: 15/15
  5363 | D:8      | Noticed Grum
  5380 | D:8      | Killed Grum
  5844 | D:8      | Reached skill level 10 in Invocations
  6265 | D:8      | Found a staircase to the Lair.
  6463 | D:9      | Noticed a two-headed ogre
  6478 | D:9      | Killed a two-headed ogre
  6581 | D:9      | Found Uboiv's Armour Shop.
  6613 | D:9      | Reached *** piety under Beogh
  6653 | D:9      | Noticed a wizard
  6661 | D:9      | Killed a wizard
  6717 | D:9      | Reached XP level 11. HP: 64/85 MP: 20/20
  6751 | D:9      | Noticed a cyclops
  6776 | D:9      | Killed a cyclops
  6777 | D:9      | Reached skill level 5 in Fighting
  7151 | D:10     | Entered Level 10 of the Dungeon
  7401 | D:10     | Identified the +0 ring mail "Purag Qeimp" {*Slow Regen+
                  | Int+5}
  7488 | D:10     | Noticed a manticore
  7521 | D:10     | Killed a manticore
  7550 | D:10     | Noticed a green ugly thing
  7595 | D:10     | Killed a green ugly thing
  7717 | D:10     | You fall into a shaft and drop 1 floor!
  7832 | D:11     | Noticed a boulder beetle
  7847 | D:11     | Killed a boulder beetle
  7848 | D:11     | Reached skill level 10 in Fighting
  7863 | D:11     | Noticed a six-headed hydra
  7866 | D:11     | Killed a six-headed hydra
  8804 | D:12     | Noticed a skeletal warrior
  8955 | Lair:1   | Entered Level 1 of the Lair of Beasts
  9025 | Lair:1   | Reached skill level 5 in Armour
  9025 | Lair:1   | Reached skill level 5 in Shields
  9312 | Lair:1   | Identified 2 scrolls of acquirement
  9314 | Lair:1   | Acquired a manual of Armour
  9316 | Lair:1   | Acquired a manual of Throwing
  9380 | Lair:1   | Gained Orbeogh as an ally
  9472 | Lair:1   | Reached XP level 12. HP: 104/106 MP: 21/21
  9966 | Lair:2   | Your ally Orbeogh died
 10017 | Lair:2   | Reached **** piety under Beogh
 10120 | Lair:2   | Gained Bogward as an ally
 10706 | Lair:3   | Noticed Fannar
 10721 | Lair:3   | Killed Fannar
 10812 | Lair:3   | Reached skill level 10 in Armour
 10844 | Lair:3   | Noticed Prince Ribbit
 10852 | Lair:3   | Killed Prince Ribbit
 10998 | Lair:3   | You fall into a shaft and drop 3 floors!
 10998 | Lair:6   | Entered Level 6 of the Lair of Beasts
 11044 | Lair:5   | Noticed a seven-headed hydra
 11046 | Lair:5   | Killed a seven-headed hydra
 11842 | Lair:3   | Reached XP level 13. HP: 96/111 MP: 22/22
 11966 | Lair:3   | Found a hole to the Spider Nest.
 11970 | Lair:3   | Reached skill level 10 in Shields
 12777 | Lair:4   | Found a staircase to the Swamp.
 12789 | Lair:4   | Reached skill level 1 in Dodging
 12918 | Lair:4   | Identified the +8 longbow of Fragile Peace {vorpal, Drain
                  | rC++}
 13141 | Lair:4   | Identified the +6 falchion of the Destroying Spider {vamp,
                  | Contam rPois rC+ Dex+4}
 13567 | Lair:5   | Reached skill level 5 in Dodging
 14243 | Lair:6   | Reached XP level 14. HP: 113/121 MP: 23/23
 14259 | Lair:6   | Found a staircase to the Slime Pits.
 14323 | Lair:6   | Reached ***** piety under Beogh
 14510 | Lair:6   | Noticed Josephine
 14521 | Lair:6   | Gained Argrim as an ally
 14525 | Lair:6   | Killed Josephine
 15105 | Lair:6   | Found a large runed translucent door.
 15105 | Lair:6   | Found a large runed translucent door.
 16139 | D:12     | Reached skill level 10 in Dodging
 16139 | D:12     | Reached skill level 1 in Throwing
 16605 | D:12     | Reached skill level 5 in Throwing
 16750 | D:12     | Found a staircase to the Orcish Mines.
 16914 | D:12     | Found Dyus's General Store.
 17216 | D:13     | Noticed Snorg
 17229 | D:13     | Your ally Bogward died
 17236 | D:13     | Killed Snorg
 17381 | D:13     | Found a runed translucent gate.
 17381 | D:13     | Found a runed translucent gate.
 17381 | D:13     | Found a runed translucent gate.
 17383 | D:13     | Noticed Yzxosaecus's ghost (journeyman SpAK)
 17418 | D:13     | Reached XP level 15. HP: 118/129 MP: 24/24
 17459 | D:13     | Found a glowing silver altar of Zin.
 17677 | D:13     | Noticed Frances
 17695 | D:13     | HP: 4/130 [Frances/+2 trident of venom (19)]
 17707 | D:13     | HP: 6/130 [Frances/+2 trident of venom (15)]
 17707 | D:13     | HP: 1/130 [Frances/+2 trident of venom (5)]
 17708 | D:13     | Killed Frances
 18286 | D:13     | Killed Yzxosaecus's ghost
 18382 | Orc:1    | Entered Level 1 of the Orcish Mines
 18723 | Orc:1    | Found Pyewuleje's Weapon Emporium.
 18820 | Orc:2    | Entered Level 2 of the Orcish Mines
 18885 | Orc:2    | Found Geiraybb's Armour Shop.
 18989 | Orc:2    | Reached skill level 10 in Throwing
 18993 | Orc:2    | Found Neerigg's Antique Weapon Shoppe.
 18993 | Orc:2    | Found Atetosub's Magic Scroll Boutique.
 19085 | Orc:2    | Bought a +0 helmet of see invisible for 126 gold pieces
 19153 | Orc:2    | Found a staircase to the Elven Halls.
 19416 | Orc:2    | Found a roughly hewn altar of Beogh.
 19478 | Orc:2    | Found Porethoa's Distillery.
 19478 | Orc:2    | Found Ubbae's Distillery.
 19517 | Orc:2    | Found a roughly hewn altar of Beogh.
 19911 | D:14     | Gained Ogrik as an ally
 20279 | D:14     | Found a runed translucent door.
 20280 | D:14     | Found a runed translucent door.
 20518 | D:14     | Found a shimmering blue altar of Sif Muna.
 20561 | D:14     | Noticed Urug
 20562 | D:14     | Noticed Nessos
 20562 | D:14     | Noticed Rupert
 20567 | D:14     | Killed Rupert
 20574 | D:14     | Killed Urug
 20597 | D:14     | Killed Nessos
 20600 | D:14     | Found a gate to the Vaults.
 21067 | D:15     | Entered Level 15 of the Dungeon
 21295 | D:15     | Found a white marble altar of Elyvilon.
 21671 | D:15     | Found a portal to a secret trove of treasure.
 21733 | D:15     | Found a staircase to the Depths.
 22100 | D:15     | Reached XP level 16. HP: 122/141 MP: 24/27
 22252 | D:15     | Reached skill level 15 in Invocations
 22258 | D:15     | Your ally Argrim died
 22691 | Swamp:1  | Entered Level 1 of the Swamp
 22704 | Swamp:1  | HP: 5/143 [alligator (20)]
 22704 | Swamp:1  | Slain by an alligator

Illustrated notes

Levels and vault maps discovered:
D:1:      roderic_chinese_lattice_arrival, layout_loops_cross,
          ebering_ecumenical_altar_mist
D:2:      layout_basic
D:3:      layout_basic, old_standard_altar, minmay_quantized
D:4:      layout_rooms, serial_undead, serial_undead_b, serial_undead_e,
          serial_undead_e, serial_undead_d, serial_undead_e
D:5:      layout_basic, minmay_temple_entry_hall
D:6:      layout_basic
D:7:      layout_basic, serial_shops, nicolae_shop_behind_doors, uniq_harold
D:8:      layout_basic, erik_lair_dragon, nicolae_ossuary_entry_catacombs,
          uniq_grum
D:9:      layout_irregular_city, serial_shops, shop, minivault_20,
          chequers_mini_garden
D:10:     nicolae_cairo_tiling, layout_basic, minivault_20
D:11:     layout_big_octagon, roderic_nine_men_s_morris
D:12:     layout_loops_ring, kennysheep_orc_monster_closet_entryway,
          serial_shops, nicolae_shop_behind_doors, hex_tiny
D:13:     minmay_clustersquares, layout_loops_ring,
          gammafunk_ghost_nasty_kobolds, zin_treasury, uniq_frances, uniq_snorg
D:14:     minmay_the_grid_triangle_9x9_line_8_mashed
          [minmay_the_grid_triangle_9x9_empty,
          minmay_the_grid_triangle_9x9_zippers_vertical,
          minmay_the_grid_triangle_9x9_sprig,
          minmay_the_grid_triangle_9x9_wacky_v,
          minmay_the_grid_triangle_9x9_semitri,
          minmay_the_grid_triangle_9x9_tough_junction,
          minmay_the_grid_triangle_9x9_corrupted_corridor,
          minmay_the_grid_triangle_9x9_prize_top_heavy], layout_stronghold,
          david_vaults_3, led_sif_pool, roderic_batcave
D:15:     grunt_enter_depths_snipers, layout_stronghold,
          minmay_tree_intersection, enter_trove_5,
          nicolae_elyvilon_peaceful_grove
Lair:1:   layout_roguey, uniq_urug
Lair:2:   layout_small_grid, grunt_megastairs_4, lemuel_fruit_tree,
          serial_bayou_shore_b, serial_bayou_shore_b
Lair:3:   layout_concentric_octagons, hellmonk_spider_entry_life_and_decay,
          uniq_prince_ribbit2, uniq_fannar
Lair:4:   nzn_winding_woodlands_large [nzn_winding_woodlands_5x5_cross,
          nzn_winding_woodlands_5x15_garden,
          nzn_winding_woodlands_5x5_open_star,
          nzn_winding_woodlands_center_garden,
          nzn_winding_woodlands_15x15_killbox,
          nzn_winding_woodlands_center_lodge,
          nzn_winding_woodlands_5x5_checkerboard,
          nzn_winding_woodlands_5x15_default,
          nzn_winding_woodlands_5x5_default], layout_regular_city,
          minmay_swamp_entry_swarm, cheibrodos_lair_reptile_den
Lair:5:   layout_long_grid, beast_lair_carwin_11, grunt_megastairs_1
Lair:6:   cheibrodos_lair_end_hotspot, layout_regular_city,
          minmay_slime_entry_jelly_boxes, uniq_josephine
Swamp:1:  layout_basic_swamp, evilmike_swamp_ruin_rubble_2
Orc:1:    layout_caves, serial_shops, shop, nicolae_orc_tapped_out
Orc:2:    st_orc_town, layout_diamond_mine, serial_shops, nicolae_square_shop,
          lemuel_statue_altar

Skill      XL: |  1  2  3  4  5  6  7  8  9 10 11 12 13 14 15 16 |
---------------+-------------------------------------------------+-----
Axes           | 3 4 6 7 9 11 14 16 | 16.0
Invocations    | 7 13 14 15 | 15.0
Fighting       | 4 10 11 12 13 | 13.0
Armour         | 6 12 14 | 14.5
Shields        | 5 9 11 | 11.2
Dodging        | 6 10 | 10.0
Throwing       | 7 12 | 12.7

Action                   |  1- 3 |  4- 6 |  7- 9 | 10-12 | 13-15 | 16-18 || total
-------------------------+-------+-------+-------+-------+-------+-------++-------
Melee: War axe           |    82 |   102 |   175 |   560 |   868 |    44 ||  1831
       Scimitar          |       |       |       |       |    34 |       ||    34
Invok: Convert to Beogh  |     1 |       |       |       |       |       ||     1
       Smiting           |       |       |     4 |     7 |    42 |       ||    53
       Recall Orcish Fol |       |       |       |     3 |     5 |       ||     8
       Give Item to Name |       |       |       |       |     1 |       ||     1
Evoke: Wand              |       |       |       |     5 |     3 |       ||     8
  Use: Scroll            |       |     1 |     1 |    20 |     5 |       ||    27
       Potion            |       |       |       |       |     7 |     1 ||     8
 Stab: Distracted        |       |       |       |     2 |    13 |     3 ||    18
       Paralysed         |       |       |       |       |    12 |       ||    12
Armor: Scale mail        |    42 |    41 |    61 |       |       |       ||   144
       Plate armour      |       |       |       |   174 |   404 |    19 ||   597
Dodge: Dodged            |    35 |    52 |    70 |   104 |   383 |    24 ||   668
Block: Buckler           |    14 |    25 |    27 |    85 |    77 |       ||   228
       Kite shield       |       |       |       |       |   396 |    41 ||   437
